 Dungeon Crawl Stone Soup version 0.31.0-9-g3a7656b989 (webtiles) character file.

Game seed: 9119465073798359186

160 qw the Skirmisher (level 5, 0/29 HPs)
             Began as a Deep Elf Hunter on Feb 2, 2024.
             Was an Initiate of Okawaru.
             Killed from afar by Blork the orc (7 damage)
             ... with a puff of flame
             ... on level 4 of the Dungeon.
             The game lasted 00:00:10 (3004 turns).

qw the Skirmisher (Deep Elf Hunter)                 Turns: 3004, Time: 00:00:11

Health: 0/29       AC: 10    Str: 10    XL:     5   Next: 17%
Magic:  7/7        EV: 11    Int: 14    God:    Okawaru [......]
Gold:   43         SH:  0    Dex: 18    Spells: 4/4 levels left

rFire   . . .        a - +3 shortbow
rCold   . . .        (shield currently unavailable)
rNeg    . . .        h - +1 ring mail
rPois   .            (no helmet)
rElec   .            (no cloak)
rCorr   .            (no gloves)
SInv    .            (no boots)
Will    .....        (no amulet)
Stlth   +            d - +4 ring of protection
HPRegen 0.24/turn    (no ring)
MPRegen 0.10/turn

%: no passive effects
@: no status effects
A: no striking features
a: Renounce Religion


You were on level 4 of the Dungeon.
You worshipped Okawaru.
Okawaru was noncommittal.
You visited 2 branches of the dungeon, and saw 5 of its levels.

You collected 137 gold pieces.
You spent 94 gold pieces at shops.


   Skills:
 - Level 1.5 Fighting
 + Level 8.6 Ranged Weapons
 - Level 2.4 Dodging
 - Level 1.2 Stealth


You had 4 spell levels left.
You didn't know any spells.
Your spell library was empty.

Inventory:

Hand Weapons
 a - a +3 shortbow (weapon)
Armour
 h - a +1 ring mail (worn)
 i - a +0 pair of gloves
 m - a +0 leather armour of fire resistance
Jewellery
 d - a +4 ring of protection (left hand)
 j - a ring of ice
Wands
 c - a wand of flame (3)
Scrolls
 e - a scroll of teleportation
Potions
 b - a potion of enlightenment {unknown}
 f - a potion of brilliance {unknown}
 g - a potion of resistance {unknown}
 k - a potion of haste
 l - a potion of ambrosia {unknown}
 p - a potion of mutation {unknown}
 q - a potion of degeneration {unknown}

Dungeon Overview and Level Annotations

Branches:
Dungeon (4/15)             Temple (1/1) D:4

Altars:
Ashenzari
Cheibriados
Dithmenos
Gozag
Hepliaklqana
Kikubaaqudgha
Makhleb
Okawaru
Qazlal
Ru
Sif Muna
Trog
Uskayaw
Vehumet
Xom
Yredelemnul
Zin
The Shining One

Shops:
D:4 [

Annotations:
D:4 Blork the orc


Message History

i - a +0 pair of gloves Thank you for shopping at Juorph's Antique Armour Boutique!
You can access your shopping list by pressing '$'.
There is an entrance to Juorph's Antique Armour Boutique here.
Blork the orc comes into view.
He is wielding a +0 long sword.
Blork the orc shouts!
You hear a shout!
You shoot an arrow. The arrow hits Blork the orc.
Blork the orc is lightly wounded.
Blork the orc closely misses you.
You shoot an arrow. The arrow hits Blork the orc.
Blork the orc is moderately wounded.
Blork the orc hits you but does no damage.
You shoot an arrow. The arrow closely misses Blork the orc.
Blork the orc hits you with a +0 long sword.
You shoot an arrow. The arrow barely misses Blork the orc.
Blork the orc hits you with a +0 long sword!
You shoot an arrow.
The arrow hits Blork the orc but does no damage.
Blork the orc is moderately wounded.
Blork the orc hits you with a +0 long sword.
You shoot an arrow. The arrow hits Blork the orc.
Blork the orc is moderately wounded.
An orc comes into view. It is wielding a +0 trident.
Blork the orc casts a spell at you. The puff of flame misses you.
You shoot an arrow.
The arrow hits Blork the orc but does no damage.
Blork the orc is moderately wounded.
The orc hits you from afar with a +0 trident.
Blork the orc hits you with a +0 long sword.
You shoot an arrow. The arrow barely misses Blork the orc.
The orc hits you but does no damage. Blork the orc barely misses you.
You shoot an arrow. The arrow hits Blork the orc!
Blork the orc is heavily wounded.
The orc hits you from afar with a +0 trident.
Blork the orc hits you with a +0 long sword.
The orc barely misses you.
Blork the orc points at you and mumbles some strange words.
The puff of flame hits you!
You die...

##.#...#.##......#
##..\..###.####.#
#.#...#.##.####.###
#..#.#..##.#......##
#...#........#......
#########.####.###..#.##
#.........# #......#.##
#.##.##.### #####..#.##
#@# #..#.## #.oo..#
#...... ####..# .......
#..# .#..... ...# #.....
##.# ...... .# ##.77. .#
###.7 ##


You could see Blork the orc and an orc.

Vanquished Creatures
  Natasha (twice) (D:2)
  5 adders
  A ribbon worm (D:2)
  3 dart slugs
  4 endoplasms
  A giant cockroach (D:1)
  4 goblins (D:1)
  5 hobgoblins
  11 jackals
  3 quokkas
  2 bats
  3 frilled lizards
  7 kobolds
  5 rats
56 creatures vanquished.

Notes
Turn   | Place    | Note
-------+----------+-------------------------------------------
     0 | D:1      | qw the Deep Elf Hunter began the quest for the Orb.
     0 | D:1      | Reached XP level 1. HP: 12/12 MP: 3/3
     0 | D:1      | 0 ||| qw: Version: 0.3-a-155-g5e7d8dd
     0 | D:1      | 0 ||| qw: Game counter: 2209
     0 | D:1      | 0 ||| qw: Melee chars always use a shield: true
     0 | D:1      | 0 ||| qw: God list: Okawaru
     0 | D:1      | 0 ||| qw: Allow faded altars: false
     0 | D:1      | 0 ||| qw: Do Orc after clearing Dungeon:15 true
     0 | D:1      | 0 ||| qw: Do second Lair branch before Depths: true
     0 | D:1      | 0 ||| qw: Lair rune preference: random
     0 | D:1      | 0 ||| qw: Goals: Normal
     0 | D:1      | 0 ||| PLANNING D:1-11
   122 | D:1      | Reached skill level 6 in Ranged Weapons
   122 | D:1      | Reached XP level 2. HP: 16/16 MP: 4/4
   136 | D:1      | HP: 3/16 [goblin/+0 club (2)]
   460 | D:1      | Reached XP level 3. HP: 17/20 MP: 5/5
   763 | D:1      | 763 ||| UPGRADING to +0 ring mail.
   773 | D:1      | 773 ||| DROPPING +0 leather armour.
   774 | D:1      | 774 ||| UPGRADING to +4 ring of protection.
   775 | D:1      | 775 ||| READING scroll labelled NUAFUU TAPPIR.
   775 | D:1      | 775 ||| ENCHANTING +0 ring mail.
   776 | D:1      | 776 ||| READING scroll labelled YHUOVI SINILI.
   777 | D:1      | 777 ||| READING scroll labelled IMOBBI UFFO.
   778 | D:1      | 778 ||| READING 3 scrolls labelled NOMAULLUACH.
   778 | D:1      | 778 ||| ENCHANTING +0 shortbow.
   779 | D:1      | 779 ||| READING 2 scrolls of enchant weapon.
   779 | D:1      | 779 ||| ENCHANTING +1 shortbow.
   780 | D:1      | 780 ||| READING scroll of enchant weapon.
   780 | D:1      | 780 ||| ENCHANTING +2 shortbow.
   781 | D:1      | 781 ||| READING scroll labelled LEJADEPRES.
   781 | D:1      | 781 ||| IDENTIFYING silvery potion
   782 | D:1      | 782 ||| DROPPING scroll of butterflies.
   784 | D:1      | 784 ||| Stepping ~*~*~tactically~*~*~ (cloud).
   789 | D:1      | HP: 5/20 [poisoned by you (poison gas)]
   937 | D:2      | Found a bloodstained altar of Trog.
  1033 | D:2      | Reached skill level 7 in Ranged Weapons
  1578 | D:2      | Noticed Natasha
  1581 | D:2      | Killed Natasha
  1582 | D:2      | Reached XP level 4. HP: 25/25 MP: 6/6
  1760 | D:2      | Noticed Natasha
  1768 | D:2      | Killed Natasha
  1769 | D:2      | Reached skill level 8 in Ranged Weapons
  1953 | D:2      | Found a faded altar of an unknown god.
  1954 | D:2      | 1954 ||| READING 4 scrolls labelled YFANEG BI IMUXKE.
  1955 | D:2      | 1955 ||| READING scroll labelled KEGENI FISCHOYM.
  1956 | D:2      | 1956 ||| DROPPING 3 scrolls of noise.
  2262 | D:3      | Reached XP level 5. HP: 15/29 MP: 7/7
  2784 | D:3      | 2784 ||| READING 2 scrolls labelled GAVAC JIRATH.
  2789 | D:3      | 2789 ||| DRINKING 2 blue potions.
  2829 | D:3      | 2829 ||| DROPPING potion of lignification.
  2853 | D:4      | Found a staircase to the Ecumenical Temple.
  2854 | D:4      | 2854 ||| PLANNING TEMPLE
  2860 | Temple   | Found a transporter.
  2860 | Temple   | Found a transporter.
  2860 | Temple   | Found a transporter.
  2860 | Temple   | Found a transporter.
  2860 | Temple   | Entered the Ecumenical Temple
  2861 | Temple   | 2861 ||| PLANNING D:1-11
  2869 | Temple   | 2869 ||| PLANNING OKAWARU WORSHIP
  2874 | Temple   | Became a worshipper of Warmaster Okawaru
  2875 | Temple   | 2875 ||| PLANNING D:1-11
  2939 | D:4      | Found a glowing silver altar of Zin.
  2969 | D:4      | Found Juorph's Antique Armour Boutique.
  2976 | D:4      | 2976 ||| SHOPLISTING +0 pair of fencer's gloves {Riposte
                  | Dex+3} (840 gold, have 137).
  2976 | D:4      | 2976 ||| SHOPLISTING glowing cloak (157 gold, have 137).
  2976 | D:4      | 2976 ||| SHOPLISTING heavily runed leather armour (147
                  | gold, have 137).
  2976 | D:4      | 2976 ||| BUYING pair of gloves (94 gold).
  2976 | D:4      | Bought a pair of gloves for 94 gold pieces
  2995 | D:4      | Noticed Blork the orc
  3004 | D:4      | HP: 7/29 [Blork the orc/+0 long sword (4)]
  3004 | D:4      | Killed from afar by Blork the orc

Levels and vault maps discovered:
D:1:      dpeg_arrival_pits, layout_loops_ring
D:2:      layout_basic, shapermc_ecumenical_altar_petra, basic_altar,
          hangedman_decor_growths, grunt_decor_arrowhead, uniq_natasha
D:3:      layout_loops_ring, chequers_serial_rivers_micro_b
D:4:      minmay_razor_zed, layout_loops_cross, zin_academy,
          minmay_temple_entry_steel_oval, serial_shops, nicolae_diamond_shop,
          nicolae_figureground_pulse, uniq_blork_the_orc, uniq_menkaure
Temple:   hellmonk_temple_divided_pantheon

Skill      XL: |  1  2  3  4 |
---------------+-------------+-----
Ranged Weapons | 6 7 8 |  8.6
Fighting       | |  1.5
Dodging        | |  2.4
Stealth        | |  1.2

Action                     |  1- 3 |  4- 6 || total
---------------------------+-------+-------++-------
   Fire: Shortbow          |   102 |    59 ||   161
    Use: Scroll            |     7 |     3 ||    10
         Potion            |       |     1 ||     1
 Armour: Leather armour    |    12 |       ||    12
         Ring mail         |    21 |    32 ||    53
  Dodge: Dodged            |    20 |    19 ||    39

Table legend:
 A = Non-vault XP
 B = Vault XP
 C = Vault XP percentage of total XP
 D = Non-vault monster count
 E = Vault monster count
 F = Vault count percentage of total count
                 A         B        C        D         E       F
            +---------+---------+-------+---------+---------+-------
      Total |     193 |      36 |  15.7 |      55 |       1 |   1.8
            +---------+---------+-------+---------+---------+-------
        D:1 |      48 |       0 |   0.0 |      26 |       0 |   0.0
        D:2 |      83 |      36 |  30.3 |      13 |       1 |   7.1
        D:3 |      60 |       0 |   0.0 |      15 |       0 |   0.0
        D:4 |       2 |       0 |   0.0 |       1 |       0 |   0.0
            +---------+---------+-------+---------+---------+-------
